[Event "Team 45 45 League T79"]
[Site "Internet Chess Club"]
[Date "2018.12.29"]
[Round "1"]
[White "Andressa"]
[Black "Constrictor"]
[Result "1/2-1/2"]
[WhiteElo "1381"]
[BlackElo "1521"]
[Opening "Alekhine's defense: Scandinavian variation"]
[ECO "B02"]
[Time "19:32:43"]
[TimeControl "2700+45"]

1. e4 Nf6 2. Nc3 d5 3. exd5 Nxd5 4. Nf3 Bg4 5. Be2 Nxc3 6. dxc3 Nc6 7. Qxd8+
Rxd8 8. O-O e6 9. Be3 Bd6 10. Rab1 Ne5 11. Bd4 Nxf3+ 12. Bxf3 Bxf3 13. gxf3 O-O
14. Kh1 e5 15. Be3 Rfe8 16. c4 b6 17. b4 Bf8 18. a3 e4 19. fxe4 Rxe4 20. c5 Rc4
21. cxb6 cxb6 22. Rbc1 Rdc8 23. Rfd1 a5 24. Bxb6 axb4 25. axb4 Bxb4 26. Rd8+
Rxd8 27. Bxd8 f6 28. Rb1 Bc5 29. Rb8 Kf7 30. Rc8 Rxc2 31. Bb6 Rc1+ 32. Kg2 Ba3
33. Ra8 Bd6 34. Be3 Rc4 35. h3 Kg6 36. Ra5 Be5 37. Rd5 Bf4 38. Bd4 Rc2 39. Kf3
Bc7 40. h4 Rd2 41. h5+ Kf7 42. Rd7+ Kg8 43. Ke3 Rc2 44. Kd3 Rc6 45. f3 Bb6 46.
Bc3 Rc7 47. Rd8+ Kf7 48. Rb8 Rd7+ 49. Ke4 Bc7 50. Rb7 Ke6 51. Rb5 Kf7 {Game
drawn by mutual agreement} 1/2-1/2

[Event "Team 45 45 League T79"]
[Site "Internet Chess Club"]
[Date "2018.12.19"]
[Round "1"]
[White "QuieroAprender"]
[Black "LuFran"]
[Result "0-1"]
[WhiteElo "1604"]
[BlackElo "1628"]
[Opening "Sicilian: Nimzovich-Rossolimo attack (without ...d6)"]
[ECO "B30"]
[Time "11:18:28"]
[TimeControl "2700+45"]

1. e4 c5 2. Nf3 Nc6 3. Bb5 e6 4. O-O Nge7 5. c4 Ng6 6. Bxc6 bxc6 7. Nc3 Be7 8.
d3 O-O 9. e5 h6 10. Re1 Qc7 11. b3 Bb7 12. Bb2 Rfe8 13. Ne4 Rad8 14. Qe2 Nf4 15.
Qe3 Ng6 16. Nxc5 Bxc5 17. Qxc5 d6 18. Qxa7 dxe5 19. Nxe5 c5 20. Qa4 Nf4 21. Re3
Bxg2 22. Rg3 Bb7 23. Re1 f6 24. Ng4 Kf7 25. Bxf6 gxf6 26. Nxh6+ Ke7 27. Rg7+ Kd6
28. Nf7+ Qxf7 29. Rxf7 Rg8+ 30. Kf1 Bg2+ 31. Kg1 Nh3# {White checkmated} 0-1

[Event "Team 45 45 League T79"]
[Site "Internet Chess Club"]
[Date "2018.12.22"]
[Round "1"]
[White "Hectormercado"]
[Black "mongmong"]
[Result "0-1"]
[WhiteElo "1493"]
[BlackElo "1485"]
[Opening "French: King's Indian attack"]
[ECO "C00"]
[Time "17:00:57"]
[TimeControl "2700+45"]

1. e4 e6 2. d3 d5 3. Nd2 Nf6 4. Ngf3 b6 5. g3 dxe4 6. dxe4 Bb7 7. Qe2 Ba6 8. Qe3
Bxf1 9. Nxf1 Bc5 10. Qe2 O-O 11. h4 Nc6 12. N1h2 Nd4 13. Nxd4 Qxd4 14. e5 Nd7
15. Nf3 Qd5 16. O-O Rad8 17. Rd1 Qc6 18. Bf4 Nb8 19. Ng5 h6 20. Ne4 Be7 21. Re1
f5 22. Nc3 Bb4 23. Qe3 Bxc3 24. bxc3 Qd7 25. Red1 Qf7 26. Rd3 Rd7 27. Rad1 Rfd8
28. Qf3 c6 29. Rd6 Rxd6 30. exd6 Rd7 31. Rd4 Qe8 32. Be5 Qc8 33. Qh5 c5 34. Rd1
Qf8 35. Qf3 Qc8 36. Qa8 Qb7 37. Qxb7 Rxb7 38. Re1 Kf7 39. Re3 Rd7 40. Rf3 Nc6
41. Bf4 h5 42. Re3 g6 43. Kf1 Na5 44. Ke2 Nc4 45. Rd3 e5 46. Bg5 Rxd6 47. Rxd6
Nxd6 48. Bd8 c4 49. Bc7 Ke6 50. Bb8 Nc8 51. Ke3 Kd5 52. f3 a6 53. Bc7 b5 54. Bd8
Nd6 55. Bc7 Nb7 56. Bb6 Nc5 57. Ba5 Ne6 58. Bb4 f4+ 59. gxf4 Nxf4 60. Kf2 Ke6
61. Bf8 Kf5 62. Be7 Nd5 63. Bb4 Nxb4 64. cxb4 g5 65. hxg5 Kxg5 66. Kg3 h4+ 67.
Kg2 Kf4 68. c3 h3+ 69. Kxh3 Kxf3 70. Kh2 Kf2 {White resigns} 0-1

[Event "Team 45 45 League T79"]
[Site "Internet Chess Club"]
[Date "2018.12.22"]
[Round "1"]
[White "smsxman"]
[Black "drsigmund1"]
[Result "1-0"]
[WhiteElo "1332"]
[BlackElo "1477"]
[Opening "French: Winawer (Nimzovich) variation"]
[ECO "C15"]
[Time "11:32:21"]
[TimeControl "2700+45"]

1. e4 e6 2. Nc3 d5 3. d4 Bb4 4. exd5 exd5 5. Bd2 Nf6 6. Nf3 O-O 7. Be2 Bf5 8.
O-O c6 9. a3 Bd6 10. Bg5 Nbd7 11. Nh4 Be6 12. Re1 h6 13. Be3 Qc7 14. Nf3 Ng4 15.
g3 Nxe3 16. fxe3 Nf6 17. b4 Bg4 18. Nh4 Bxe2 19. Qxe2 Qd7 20. Rf1 Rae8 21. Nf5
Qe6 22. Rae1 Nh7 23. Qg4 g5 24. Qh5 Qg6 25. Nxh6+ Kg7 26. Qxg6+ fxg6 27. Ng4
Rxf1+ 28. Kxf1 Nf6 29. Nxf6 Kxf6 30. Kg2 Kg7 31. Nd1 a5 32. c3 b5 33. Nf2 a4 34.
Nh3 g4 35. Nf2 Be7 36. Nxg4 Bg5 37. Ne5 Re6 38. h4 Bf6 39. Nf3 Be7 40. Ne5 Bf6
41. Nd7 Be7 42. Ne5 Bd6 43. Nxc6 Bxg3 44. Kxg3 Rxc6 45. Rc1 Re6 46. Kf4 Re4+ 47.
Kf3 Rxh4 48. Rg1 Re4 49. Rg4 Re6 50. e4 Rc6 51. exd5 Rxc3+ 52. Ke4 Rxa3 53. d6
Rh3 54. Kd5 a3 55. Rg2 Kf7 56. Kc6 {Black resigns} 1-0

[Event "Team 45 45 League T79"]
[Site "Internet Chess Club"]
[Date "2018.12.22"]
[Round "1"]
[White "howah45"]
[Black "dabodhi"]
[Result "0-1"]
[WhiteElo "1134"]
[BlackElo "1259"]
[Opening "Pirc defense"]
[ECO "B07"]
[Time "17:03:50"]
[TimeControl "2700+45"]

1. e4 d6 2. d4 Nf6 3. Nc3 Nbd7 4. Bf4 e5 5. dxe5 dxe5 6. Bg5 Be7 7. Nf3 h6 8.
Be3 c6 9. Be2 O-O 10. O-O Ng4 11. h3 Nxe3 12. fxe3 Qb6 13. Qd2 Bc5 14. Kf2 Bb4
15. Rfe1 Nf6 16. Bd3 Rd8 17. Qe2 Qc7 18. a3 Bxc3 19. bxc3 Qa5 20. c4 Be6 21. Kf1
Qc5 22. a4 Nd7 23. a5 b6 24. a6 Rab8 25. Rab1 Nf6 26. Red1 Bxc4 27. Bxc4 Nxe4
28. Bxf7+ Kxf7 29. Kg1 Nc3 30. Qf2 Nxd1 31. Nxe5+ Ke6 {White resigns} 0-1

[Event "Team 45 45 League T79"]
[Site "Internet Chess Club"]
[Date "2018.12.23"]
[Round "1"]
[White "Ecclesiastic"]
[Black "Kingfisher75"]
[Result "1-0"]
[WhiteElo "1643"]
[BlackElo "1546"]
[Opening "Sicilian: accelerated fianchetto, Maróczy bind, 6.Be3"]
[ECO "B38"]
[Time "21:00:28"]
[TimeControl "2700+45"]

1. e4 c5 2. Nf3 g6 3. d4 cxd4 4. Nxd4 Bg7 5. c4 Nc6 6. Be3 Nf6 7. Nc3 O-O 8. Be2
d6 9. O-O Bd7 10. Qd2 Nxd4 11. Bxd4 Bc6 12. Bd3 Nd7 13. Bxg7 Kxg7 14. b3 Nc5 15.
Bc2 Qa5 16. Rae1 Rad8 17. f4 e6 18. f5 exf5 19. exf5 Nd7 20. f6+ Nxf6 21. Rxf6
Kxf6 22. Nd5+ Qxd5 23. cxd5 Bd7 24. Qd4+ {Black resigns} 1-0

[Event "Team 45 45 League T79"]
[Site "Internet Chess Club"]
[Date "2018.12.24"]
[Round "1"]
[White "Kingofknights"]
[Black "zajohns"]
[Result "0-1"]
[WhiteElo "1430"]
[BlackElo "1349"]
[Opening "King's Indian: 4.e4"]
[ECO "E70"]
[Time "19:00:39"]
[TimeControl "2700+45"]

1. d4 Nf6 2. c4 g6 3. Nc3 Bg7 4. e4 d6 5. Bd3 O-O 6. f3 e5 7. d5 c5 8. dxc6 Nxc6
9. Nge2 b6 10. Be3 Be6 11. Qd2 Nh5 12. g4 Nf6 13. h4 Nxg4 14. fxg4 Bxg4 15.
O-O-O Nd4 16. Rdg1 Nf3 17. Qe1 Nxe1 {White resigns} 0-1

[Event "Team 45 45 League T79"]
[Site "Internet Chess Club"]
[Date "2018.12.23"]
[Round "1"]
[White "PawnToH4"]
[Black "wildwood"]
[Result "0-1"]
[WhiteElo "1308"]
[BlackElo "1523"]
[Opening "Sicilian"]
[ECO "B50"]
[Time "07:00:46"]
[TimeControl "2700+45"]

1. e4 c5 2. Nf3 d6 3. Bc4 e6 4. Nc3 Nc6 5. d3 Nf6 6. Bg5 Be7 7. Qe2 a6 8. e5
dxe5 9. Nxe5 Nd4 10. Qd2 b5 11. Bb3 Bb7 12. O-O O-O 13. Ne2 Nxb3 14. axb3 Qd5
15. Nf3 Rfd8 16. Bh4 Qh5 17. Ng3 Qd5 18. Rad1 Qd6 19. Rfe1 Bxf3 20. gxf3 Qd4 21.
Bxf6 Bxf6 22. c3 Qd5 23. Ne4 Qf5 24. Qe3 Rac8 25. Ng3 Qg6 26. Kh1 Be7 27. Ne4 f5
28. Rg1 Qf7 29. Ng5 Bxg5 30. Qxg5 Rd7 31. Rde1 Rcd8 32. Re5 f4 33. Re4 Rd5 34.
Re5 Rxe5 35. Qxd8+ Qf8 36. Qb6 Qa8 37. d4 Qxf3+ 38. Rg2 Re1# {White checkmated}
0-1

[Event "Team 45 45 League T79"]
[Site "Internet Chess Club"]
[Date "2018.12.30"]
[Round "1"]
[White "kingphisch"]
[Black "zadagat"]
[Result "1-0"]
[WhiteElo "1462"]
[BlackElo "1090"]
[Opening "French: Tarrasch, open variation"]
[ECO "C07"]
[Time "15:00:39"]
[TimeControl "2700+45"]

1. e4 e6 2. d4 d5 3. Nd2 c5 4. Ngf3 cxd4 5. Nxd4 Bd7 6. Bd3 e5 7. N4f3 Bd6 8.
O-O Nf6 9. Re1 d4 10. Nc4 Qc7 11. Bg5 O-O 12. Bxf6 gxf6 13. Nfd2 Bb5 14. Nxd6
Bxd3 15. Nf5 Rc8 16. Qg4+ Kf8 17. Qg7+ Ke8 18. Qg8+ Kd7 19. Qxf7+ Kd8 20. Qf8+
Kd7 21. Qe7+ Kc6 22. Qxc7+ Rxc7 23. cxd3 Nd7 24. Rac1+ Nc5 25. b4 b6 26. bxc5
Kb7 27. cxb6 axb6 28. Nd6+ Kb8 29. Rxc7 Kxc7 30. N2c4 Rd8 31. Rb1 Rxd6 32. Nxd6
Kxd6 33. Rc1 h5 34. a4 Kd7 35. Kf1 Kd6 36. Ke2 Kd7 37. Kf3 {Black resigns} 1-0

[Event "Team 45 45 League T79"]
[Site "Internet Chess Club"]
[Date "2018.12.28"]
[Round "1"]
[White "joaoazm"]
[Black "ascoli"]
[Result "1-0"]
[WhiteElo "1595"]
[BlackElo "1644"]
[Opening "English: symmetrical, three knights system"]
[ECO "A30"]
[Time "12:30:16"]
[TimeControl "2700+45"]

1. Nf3 c5 2. c4 Nf6 3. Nc3 d5 4. cxd5 Nxd5 5. e4 Nc7 6. Bc4 e6 7. O-O Nc6 8. e5
Be7 9. d3 O-O 10. Be3 b6 11. a3 Bb7 12. Re1 Nd5 13. Nxd5 exd5 14. Ba2 Qc7 15.
Bxd5 Rad8 16. Be4 Ba6 17. Qa4 Na5 18. b4 cxb4 19. axb4 Bxd3 20. Bxd3 Bxb4 21.
Rac1 Qe7 22. Bg5 Qxg5 23. Nxg5 Bxe1 24. Bxh7+ Kh8 25. Qh4 {Black resigns} 1-0

[Event "Team 45 45 League T79"]
[Site "Internet Chess Club"]
[Date "2019.01.01"]
[Round "1"]
[White "RD1974"]
[Black "az2112"]
[Result "1/2-1/2"]
[WhiteElo "1599"]
[BlackElo "1420"]
[Opening "Sicilian: closed, 2...Nc6"]
[ECO "B23"]
[Time "10:00:14"]
[TimeControl "2700+45"]

1. e4 c5 2. Nc3 Nc6 3. Nf3 d6 4. g3 g6 5. Bg2 Bg7 6. d3 Nf6 7. h3 O-O 8. O-O a6
9. a4 Bd7 10. Be3 Rb8 11. Qd2 Re8 12. Nd5 b5 13. axb5 axb5 14. c3 b4 15. Nxf6+
Bxf6 16. d4 bxc3 17. bxc3 cxd4 18. cxd4 Ra8 19. Rxa8 Qxa8 20. e5 Bg7 21. exd6
exd6 22. Bf4 d5 23. Ne5 Nxe5 24. dxe5 Bxe5 25. Bxd5 Qd8 26. Rd1 Bxf4 27. Qxf4
Be6 28. Bb3 Qb6 29. Ba4 Rd8 30. Rc1 Rd4 31. Qe3 Rb4 32. Qxb6 Rxb6 33. Bd1 Bxh3
34. Bf3 {Game drawn by mutual agreement} 1/2-1/2

[Event "Team 45 45 League T79"]
[Site "Internet Chess Club"]
[Date "2018.12.26"]
[Round "1"]
[White "seattleblues"]
[Black "CMAlge"]
[Result "1/2-1/2"]
[WhiteElo "1316"]
[BlackElo "1287"]
[Opening "Queen's pawn game, Darooha variation "]
[ECO "D02"]
[Time "21:00:59"]
[TimeControl "2700+45"]

1. d4 d5 2. Nf3 Nf6 3. Nc3 Nc6 4. Bf4 a6 5. e3 e6 6. Bd3 Be7 7. O-O Nh5 8. Ne2
Nxf4 9. Nxf4 O-O 10. c3 b5 11. b4 Bd6 12. Qc2 f5 13. a4 Bb7 14. Nxe6 Qe7 15.
Nxf8 Rxf8 16. Bxf5 g6 17. Bd3 Rxf3 18. gxf3 Bxh2+ 19. Kxh2 Qh4+ 20. Kg1 Qg5+ 21.
Kh1 Bc8 22. f4 Qh4+ 23. Kg1 Qg4+ 24. Kh1 Qh3+ 25. Kg1 Qg4+ 26. Kh2 Qh4+ 27. Kg2
Qg4+ 28. Kh2 Qh4+ 29. Kg1 Qg4+ 30. Kh1 Qh3+ 31. Kg1 Qg4+ 32. Kh2 Qh4+ 33. Kg1
Qg4+ 34. Kh2 Qh4+ 35. Kg1 {Game drawn by repetition} 1/2-1/2

[Event "Team 45 45 League T79"]
[Site "Internet Chess Club"]
[Date "2018.12.20"]
[Round "1"]
[White "seldredg"]
[Black "Conjurer"]
[Result "1/2-1/2"]
[WhiteElo "1292"]
[BlackElo "1186"]
[Opening "Queen's pawn"]
[ECO "A40"]
[Time "13:37:42"]
[TimeControl "2700+45"]

1. d4 e6 2. Bf4 Nf6 3. e3 d5 4. c3 c5 5. Bd3 cxd4 6. cxd4 Bb4+ 7. Nd2 O-O 8. Nf3
Nc6 9. a3 Ba5 10. b4 Bc7 11. Bg3 Bxg3 12. hxg3 Qd6 13. b5 Ne7 14. Ne5 Ng6 15.
Ndf3 Ne4 16. Qc2 f5 17. Nxg6 hxg6 18. Bxe4 dxe4 19. Ng5 Qe7 20. Nh3 Kf7 21. Rc1
Bd7 22. Qc5 Rac8 23. Qxe7+ Kxe7 24. Rxc8 Rxc8 25. Kd2 Bxb5 26. f3 Bd3 27. Rc1
Rxc1 28. Kxc1 exf3 29. gxf3 Kf6 30. Kd2 Bc4 31. f4 b5 32. Kc3 a5 33. Ng5 Bd5 34.
Nh7+ Ke7 35. Ng5 Kd7 36. Nh7 Ke7 37. Ng5 Kd6 38. Nf7+ Kc6 39. Ne5+ Kd6 40. Nf7+
{Game drawn by mutual agreement} 1/2-1/2

[Event "Team 45 45 League T79"]
[Site "Internet Chess Club"]
[Date "2018.12.23"]
[Round "1"]
[White "Electryon"]
[Black "noblitz-oblige"]
[Result "1/2-1/2"]
[WhiteElo "1429"]
[BlackElo "1521"]
[Opening "Queen's pawn: London system"]
[ECO "A45"]
[Time "12:03:32"]
[TimeControl "2700+45"]

1. d4 Nf6 2. Bf4 e6 3. e3 Be7 4. Bd3 d6 5. Nd2 Nc6 6. Ngf3 Nh5 7. Bg3 Nxg3 8.
hxg3 h6 9. c3 a6 10. Ne4 b6 11. g4 d5 12. Ng3 Bf6 13. Nh5 g6 14. Nxf6+ Qxf6 15.
g5 hxg5 16. Rxh8+ Qxh8 17. Kd2 e5 18. Nxe5 Nxe5 19. dxe5 Qxe5 20. Qh1 Bf5 21.
Qh7 Bxd3 22. Qg8+ Kd7 23. Qxa8 Bb5 24. Rd1 c6 25. Qb7+ Ke6 26. Qc8+ Ke7 27. Qg4
Qf6 28. Qf3 Qe6 29. Kc1 Qe5 30. Rd4 Bc4 31. b3 c5 32. Rd2 Qxc3+ 33. Rc2 Qa1+ 34.
Kd2 Bb5 35. Qxd5 Qf1 36. Qxg5+ Ke8 37. Qe5+ Kd7 38. Qd5+ Ke7 39. Qb7+ Kf8 40.
Qxb6 Qxf2+ 41. Kc1 Qxe3+ 42. Kb2 Qd4+ 43. Ka3 Qb4+ 44. Kb2 Qd4+ {Game drawn by
mutual agreement} 1/2-1/2

[Event "Team 45 45 League T79"]
[Site "Internet Chess Club"]
[Date "2018.12.22"]
[Round "1"]
[White "OGO"]
[Black "XGG123"]
[Result "0-1"]
[WhiteElo "1279"]
[BlackElo "1420"]
[Opening "King's Indian defense"]
[ECO "D70"]
[Time "21:30:37"]
[TimeControl "2700+45"]

1. d4 Nf6 2. c4 g6 3. e3 d5 4. c5 Bg7 5. Bd3 O-O 6. Ne2 Nbd7 7. a4 e5 8. O-O
exd4 9. exd4 Re8 10. b4 c6 11. Nbc3 b6 12. Qc2 bxc5 13. dxc5 Ne5 {White forfeits
on time} 0-1

[Event "Team 45 45 League T79"]
[Site "Internet Chess Club"]
[Date "2018.12.23"]
[Round "1"]
[White "sdcohle"]
[Black "Toalla"]
[Result "1-0"]
[WhiteElo "1418"]
[BlackElo "1266"]
[Opening "Modern defense"]
[ECO "A40"]
[Time "15:08:34"]
[TimeControl "2700+45"]

1. d4 g6 2. Bf4 Bg7 3. Nf3 d6 4. e3 Nd7 5. Be2 e5 6. dxe5 dxe5 7. Bg3 Ne7 8. Nc3
Nf5 9. Qd3 Nxg3 10. hxg3 O-O 11. e4 Nc5 12. Qe3 Qe7 13. O-O-O Be6 14. Nd5 Bxd5
15. Rxd5 Nd7 16. Qc3 c6 17. Rd2 Rfd8 18. Bc4 Nc5 19. Qe3 Rxd2 20. Nxd2 Ne6 21.
Nf3 f6 22. Qb3 Kh8 23. Bxe6 Rd8 24. Rd1 Rxd1+ 25. Kxd1 Qd6+ 26. Kc1 b5 27. c3 a5
28. Bh3 Bh6+ 29. Kc2 b4 30. Qe6 Qxe6 31. Bxe6 c5 32. cxb4 cxb4 33. Kb3 Kg7 34.
a3 bxa3 35. bxa3 Bc1 36. a4 Kf8 37. Bd7 Ke7 38. Bb5 Kd6 39. Ne1 Bd2 40. Nd3 f5
41. f3 fxe4 42. fxe4 h5 43. Kc4 g5 44. Be8 h4 45. gxh4 gxh4 46. Kb5 Bc3 47. Nc5
Bb4 48. Nb3 Ke7 49. Bg6 Kd6 50. Nxa5 Bxa5 51. Kxa5 Kc5 52. Be8 Kd4 53. Bg6 Kc5
54. Bf7 Kc6 55. Bd5+ Kc7 56. Ka6 Kb8 57. Kb6 Kc8 58. a5 Kb8 59. a6 Kc8 60. a7
{Black resigns} 1-0

[Event "Team 45 45 League T79"]
[Site "Internet Chess Club"]
[Date "2018.12.28"]
[Round "1"]
[White "mongmong"]
[Black "Balderdash"]
[Result "1/2-1/2"]
[WhiteElo "1485"]
[BlackElo "1255"]
[Opening "QGD Slav/Grünfeld: Schlechter variation"]
[ECO "E61"]
[Time "20:00:24"]
[TimeControl "2700+45"]

1. d4 g6 2. c4 Nf6 3. Nc3 c6 4. Nf3 d5 5. cxd5 Nxd5 6. e4 Nxc3 7. bxc3 e6 8. Qb3
Nd7 9. Be2 a5 10. a4 b6 11. Ba3 Be7 12. Bxe7 Qxe7 13. Qa3 c5 14. O-O O-O 15.
Rab1 Bb7 16. e5 Rac8 17. Rfc1 Be4 18. Rb2 Rfe8 19. Nd2 Bd5 20. Rbc2 Bc6 21. Nc4
Qg5 22. Bf1 Be4 23. Nd6 Bxc2 24. Rxc2 Red8 25. Nxc8 Rxc8 26. Bb5 Qf5 27. Rc1 Rc7
28. Bxd7 Rxd7 29. dxc5 Qd3 30. h3 Qa6 31. cxb6 Qxb6 32. c4 Qd4 33. Qc3 Qc5 34.
Rb1 Rc7 35. Rb5 Qxc4 36. Qxc4 Rxc4 37. Rxa5 Kg7 38. f3 h5 39. Kf2 h4 40. Ke2
Rc2+ 41. Kf1 Rc1+ 42. Kf2 Rc2+ 43. Kf1 Rc1+ 44. Kf2 Rc2+ {Game drawn by mutual
agreement} 1/2-1/2

[Event "Team 45 45 League T79"]
[Site "Internet Chess Club"]
[Date "2018.12.22"]
[Round "1"]
[White "Just-Jim"]
[Black "SeniorCitizen"]
[Result "1/2-1/2"]
[WhiteElo "1287"]
[BlackElo "1226"]
[Opening "Four knights: Scotch, 4...exd4"]
[ECO "C47"]
[Time "13:00:36"]
[TimeControl "2700+45"]

1. Nf3 Nc6 2. e4 e5 3. Nc3 Nf6 4. d4 exd4 5. Nxd4 Nxd4 6. Qxd4 d6 7. Bc4 Qe7 8.
O-O Qe5 9. Qxe5+ dxe5 10. h3 Bd6 11. Bg5 Nd7 12. f4 O-O 13. f5 Nf6 14. Bxf6 gxf6
15. Nd5 Kg7 16. Nc3 Bd7 17. Ne2 a6 18. Ng3 Be7 19. Ne2 b5 20. Bb3 Bc6 21. Bd5
Bxd5 22. exd5 Rfd8 23. Rad1 Rd7 24. b3 Rc8 25. c4 bxc4 26. bxc4 c6 27. Rf3 cxd5
28. Rxd5 Rxd5 29. cxd5 Rc2 30. Ng3 Rxa2 31. Ne4 Ra4 32. Ng3 Bd6 33. Nh5+ Kf8 34.
Nxf6 Ra1+ 35. Kf2 Ra2+ 36. Kf1 Ra1+ 37. Ke2 Ra2+ 38. Kf1 Ra1+ 39. Ke2 Ra2+ 40.
Kf1 Ra1+ 41. Ke2 Ra2+ 42. Kf1 Ra1+ {Game drawn by repetition} 1/2-1/2

[Event "Team 45 45 League T79"]
[Site "Internet Chess Club"]
[Date "2018.12.21"]
[Round "1"]
[White "oldbookseller"]
[Black "WzeroMN"]
[Result "0-1"]
[WhiteElo "1053"]
[BlackElo "1026"]
[Opening "Queen's pawn game"]
[ECO "D05"]
[Time "12:32:04"]
[TimeControl "2700+45"]

1. d4 d5 2. Nf3 Nf6 3. e3 e6 4. Bd3 Be7 5. Nbd2 O-O 6. O-O c5 7. c3 c4 8. Bc2 b5
9. e4 dxe4 10. Nxe4 Nbd7 11. Bb1 Bb7 12. Neg5 g6 13. Qc2 Bxf3 14. Nxf3 a5 15.
Qe2 Ra6 16. Qe3 Ng4 17. Qe4 Ndf6 18. Qf4 Bd6 19. Ne5 Bxe5 20. dxe5 Qc7 21. Be4
Qxe5 22. g3 Qxe4 23. Rd1 Qxf4 24. Bxf4 Nd5 25. Rd4 Nxf4 26. Rxf4 f5 27. Rd1 Raa8
28. h3 Nf6 29. h4 Rad8 30. Re1 Rde8 31. Re5 Ng4 32. Rxb5 e5 33. Rxc4 e4 34. Rxa5
e3 35. fxe3 Rxe3 36. b4 Rxg3+ 37. Kf1 Ne3+ 38. Kf2 Nxc4 39. Kxg3 Nxa5 40. bxa5
Ra8 41. Kf4 Rxa5 42. h5 gxh5 43. Kg5 f4+ {White resigns} 0-1

[Event "Team 45 45 League T79"]
[Site "Internet Chess Club"]
[Date "2018.12.20"]
[Round "1"]
[White "seattleblues"]
[Black "Conjurer"]
[Result "0-1"]
[WhiteElo "1317"]
[BlackElo "1209"]
[Opening "Queen's pawn game"]
[ECO "E20"]
[Time "20:02:20"]
[TimeControl "2700+45"]

1. d4 Nf6 2. c4 e6 3. Nc3 c5 4. Nf3 Nc6 5. Bf4 cxd4 6. Nxd4 Bc5 7. e3 O-O 8. Be2
Nxd4 9. exd4 Be7 10. O-O a6 11. Qc2 b5 12. cxb5 a5 13. a4 Bb7 14. Rad1 Rc8 15.
Qb1 Qb6 16. Be3 d5 17. Na2 Rc7 18. Nc1 Rfc8 19. Nd3 Rc2 20. Rfe1 R2c7 21. Ne5
Bb4 22. Rf1 Ne4 23. Bd3 f6 24. Nf3 Qd6 25. Bf4 Qxf4 {White resigns} 0-1

[Event "Team 45 45 League T79"]
[Site "Internet Chess Club"]
[Date "2018.12.20"]
[Round "1"]
[White "bardu"]
[Black "tasawyer81"]
[Result "1-0"]
[WhiteElo "1264"]
[BlackElo "1203"]
[Opening "Old Indian: main line"]
[ECO "A55"]
[Time "18:09:23"]
[TimeControl "2700+45"]

1. d4 d6 2. Nf3 Nf6 3. c4 Nbd7 4. Nc3 e5 5. e4 Be7 6. Be2 c6 7. O-O Qc7 8. h3
O-O 9. Be3 Nb6 10. dxe5 dxe5 11. c5 Nbd7 12. b4 a5 13. a3 b6 14. cxb6 Nxb6 15.
Bxb6 Qxb6 16. Nxe5 Bb7 17. bxa5 Rxa5 18. Nc4 Qc5 19. Nxa5 Qxa5 20. Qc2 c5 21. e5
Nd7 22. Rab1 {Black resigns} 1-0

[Event "Team 45 45 League T79"]
[Site "Internet Chess Club"]
[Date "2018.12.21"]
[Round "1"]
[White "rhayder"]
[Black "grekor"]
[Result "1-0"]
[WhiteElo "1193"]
[BlackElo "1149"]
[Opening "Ruy Lopez: Graz variation"]
[ECO "C70"]
[Time "15:15:30"]
[TimeControl "2700+45"]

1. e4 e5 2. Nf3 Nc6 3. Bb5 a6 4. Ba4 b5 5. Bb3 Bc5 6. c3 Nf6 7. Ng5 O-O 8. O-O
h6 9. Nf3 Nxe4 10. d4 exd4 11. cxd4 Bb4 12. a3 Ba5 13. Bf4 d6 14. Bd5 Qf6 15.
Bxe4 Qxf4 16. Bxc6 Rb8 17. Nc3 Rb6 18. Nd5 Qf5 19. Ne7+ Kh8 20. Nxf5 Rxc6 21.
Ne7 Rb6 22. Nxc8 Rxc8 23. Qd3 c5 24. b4 cxb4 25. Qf5 Re8 26. Qxf7 Rbb8 27. Rfe1
Rf8 28. Qf5 Rxf5 29. Re6 bxa3 30. Rxa3 Bc7 31. Rxa6 b4 32. Ra1 b3 33. Rb1 b2 34.
Re2 Rfb5 35. Ne1 d5 36. Nd3 Ba5 37. Rexb2 Rxb2 38. Rxb2 Rxb2 39. Nxb2 Bc3 40.
Nd3 Bxd4 41. Kf1 Kg8 42. Ke2 Kf7 43. Kf3 Ke6 44. Kf4 g5+ 45. Kg4 Kd6 46. Kh5 Be5
47. Kxh6 Bxh2 48. Kxg5 d4 49. Kf5 Kd5 50. g3 Kc4 51. Ke4 Kc3 52. g4 Bd6 53. g5
Bf8 54. g6 Bg7 55. f3 Kc4 56. f4 Kc3 57. Ne5 Bxe5 58. fxe5 d3 59. g7 d2 60. g8=Q
d1=Q 61. Qg3+ Kb2 62. Qf2+ Kb1 63. Qb6+ Ka1 64. Qd4+ Qxd4+ 65. Kxd4 Kb2 66. e6
Kc2 67. e7 Kd2 68. e8=Q Kc2 69. Qe3 Kb2 70. Kc4 Ka1 71. Qe2 Kb1 72. Kc3 Ka1 73.
Qb2# {Black checkmated} 1-0